 Dungeon Crawl Stone Soup version 0.19.1-1-g22dce08 (webtiles) character file.

302885 Mefis the Eclecticist (level 20, -11/111 HPs)
             Began as a Deep Elf Wizard on Jan 16, 2017.
             Was a High Priest of Sif Muna.
             Killed from afar by a merfolk aquamancer (27 damage)
             ... with a ball of steam
             ... on level 4 of the Shoals.
             The game lasted 04:01:07 (67486 turns).

Mefis the Eclecticist (Deep Elf Wizard)            Turns: 67486, Time: 04:01:08

Health: -11/111    AC: 22    Str:  4    XL:     20   Next: 22%
Magic:  15/44      EV: 23    Int: 36    God:    Sif Muna [*****.]
Gold:   1869       SH: 10    Dex: 13    Spells: 13 memorised, 1 level left

rFire  . . .     SeeInvis .     b - staff of wizardry
rCold  . . .     Gourm    .     P - +2 robe {MR+}
rNeg   . . .     Faith    .     D - +0 buckler
rPois  .         Spirit   .     S - +2 helmet {Int+3}
rElec  .         Reflect  +     B - +2 cloak
rCorr  .         Harm     .     f - +0 pair of gloves
MR     +++..                    n - +2 pair of boots {Fly}
Stlth  ++........               e - +5 amulet of reflection
                                A - +5 ring of evasion
                                O - ring of Robustness {AC+8}

@: flying, divine energy
A: MP-powered wands
a: Stop Divine Energy, Channel Magic, Forget Spell, Renounce Religion, Stop
Flying
}: 2/15 runes: serpentine, barnacled


You were on level 4 of the Shoals.
You worshipped Sif Muna.
Sif Muna was extremely pleased with you.
You were very hungry.

You visited 7 branches of the dungeon, and saw 32 of its levels.
You also visited: Labyrinth and Volcano.

You collected 3408 gold pieces.
You spent 1539 gold pieces at shops.

Inventory:

Hand Weapons
 c - the +11 falchion "Peggumow" {speed, rN++ MR++ Str-2}
   (You found it on level 1 of the Snake Pit)

   Attacks with this weapon are significantly faster.
   It affects your strength (-2).
   It greatly protects you from negative energy.
   It affects your resistance to hostile enchantments.
Armour
 f - a +0 pair of gloves (worn)
 n - a +2 pair of boots of flying (worn)
 B - a +2 cloak (worn)
 D - a +0 buckler (worn)
 P - a +2 robe of magic resistance (worn)
 S - a +2 helmet of intelligence (worn)
Magical Staves
 a - an uncursed staff of power
 b - an uncursed staff of wizardry (weapon)
 U - an uncursed staff of energy
Rods
 T - a +9 rod of shadows (17/17)
   (You found it in a labyrinth)
Jewellery
 e - a +5 amulet of reflection (around neck)
 A - a +5 ring of evasion (right hand)
 O - the ring of Robustness (left hand) {AC+8}
   (You took it off a deep elf master archer on level 3 of the Elven Halls)

   [ring of protection]

   It affects your AC (+8).
Wands
 j - a wand of digging (12/24)
 o - a wand of teleportation (5/9)
 s - a wand of disintegration (12/24)
 x - a wand of teleportation (1/9)
 C - a wand of polymorph (12/24)
 J - a wand of acid (6/15)
 Y - a wand of lightning (9/15)
Scrolls
 d - 2 scrolls of fog
 h - 4 scrolls of fear
 i - a scroll of holy word
 r - a scroll of recharging
 w - a scroll of magic mapping
 z - a scroll of brand weapon
 E - 2 scrolls of teleportation
 N - 3 scrolls of summoning
 Q - 2 scrolls of blinking
 R - 4 scrolls of immolation
 V - 6 scrolls of remove curse
 W - a scroll of enchant weapon
Potions
 g - 10 potions of curing
 k - 3 potions of haste
 l - a potion of heal wounds
 p - 5 potions of resistance
 t - 2 potions of brilliance {unknown}
 v - 3 potions of might
 F - 6 potions of magic
 K - a potion of mutation {unknown}
 L - a potion of lignification {unknown}
 X - a potion of cure mutation {unknown}
 Z - a potion of agility {unknown}
Miscellaneous
 m - a sack of spiders
 u - a lamp of fire
 y - 2 boxes of beasts
 G - a fan of gales
 M - a phantom mirror
Comestibles
 q - 22 fruits
 H - 4 beef jerkies
 I - 5 bread rations


   Skills:
 - Level 7.6 Fighting
 - Level 10.9 Dodging
 - Level 3.3 Stealth
 - Level 4.5 Shields
 - Level 18.8 Spellcasting
 - Level 13.3 Conjurations
 - Level 6.7 Hexes
 - Level 7.3 Charms
 - Level 10.9 Summonings
 - Level 12.9 Necromancy
 * Level 11.1 Translocations
 - Level 5.6 Ice Magic
 * Level 15.0 Air Magic
 - Level 7.2 Earth Magic
 - Level 2.5 Poison Magic
 - Level 10.6 Invocations
 - Level 12.4 Evocations


You had one spell level left.
You knew the following spells:

 Your Spells              Type           Power        Failure   Level  Hunger
a - Shock                 Conj/Air       ####         0%          1    None
b - Haunt                 Necr/Summ      #######...   3%          7    ##.....
c - Blink                 Tloc           N/A          0%          2    None
d - Iron Shot             Conj/Erth      #######...   1%          6    None
f - Chain Lightning       Conj/Air       #######...   9%          8    ####...
g - Slow                  Hex            ######..     1%          2    None
i - Deflect Missiles      Chrm/Air       #######...   1%          6    None
o - Shroud of Golubria    Chrm/Tloc      #######...   1%          2    None
p - Regeneration          Chrm/Necr      #######...   1%          3    None
q - Poisonous Cloud       Conj/Pois/Air  #######...   1%          6    None
s - Lightning Bolt        Conj/Air       #######...   1%          5    None
w - Metabolic Englaciati  Hex/Ice        ######....   1%          5    None
x - Swiftness             Chrm/Air       #######.     0%          2    None


Dungeon Overview and Level Annotations

Branches:
Dungeon (12/15)            Temple (1/1) D:7            Lair (6/6) D:10
 Shoals (4/4) Lair:2        Snake (4/4) Lair:4        Slime (0/5) Lair:6
    Orc (2/2) D:9             Elf (3/3) Orc:2

Altars:
Ashenzari
Cheibriados
Dithmenos
Elyvilon
Fedhas
Gozag
Hepliaklqana
Kikubaaqudgha
Makhleb
Nemelex Xobeh
Okawaru
Qazlal
Ru
Sif Muna
Trog
Uskayaw
Vehumet
Xom
Yredelemnul
Zin
The Shining One
Beogh

Shops:
D:6 [   D:7 %*}:=   Orc:2 *[:((   Snake:3 [%

Annotations:
D:1 fly to scroll


Innate Abilities, Weirdness & Mutations

You expend magic power (3 MP) to strengthen your wands.


Message History

You hear a splash. x2
The lightning arc hits you!
The lightning arc hits the merfolk aquamancer.
The merfolk aquamancer is heavily wounded.
The lightning arc hits you!
The lightning arc hits the merfolk aquamancer.
The merfolk aquamancer is almost dead.
The lightning arc hits you!
The lightning arc hits the merfolk aquamancer.
The merfolk aquamancer is almost dead.
You are engulfed in a cloud of scalding steam.
You hear a shout!
The siren chants a haunting song.
You resist with almost no effort.
The satyr shoots an arrow.
The arrow hits you!!
* * * LOW HITPOINT WARNING * * *
You hear a splash.
The merfolk aquamancer gestures at you while chanting.
The ball of steam hits you!
You die...

≈≈≈≈≈≈≈≈..#*≈,*,*,**≈,,,,,,,,,*,*
≈≈≈≈≈≈≈≈.≈#*,,,≈,,,**≈..,,,,,,***
≈≈≈≈≈≈≈≈.≈###,,**,,*#≈..,,,,,*,,*
≈≈≈≈≈≈≈≈≈c≈≈#####**≈≈≈..,,,,,*,,,
≈≈≈≈≈≈≈≈≈≈≈≈##≈≈###≈))..,,,,**,,*
≈≈≈≈≈≈≈≈≈≈≈)≈≈≈≈≈≈≈≈†)..,,,,**,≈,
≈≈≈≈≈≈≈≈≈≈≈≈≈≈≈≈≈)§m≈m..,,,,**≈,*
≈≈≈≈≈≈≈≈≈≈≈≈≈≈≈§§§§§≈≈≈.,,,,≈*,,,
≈≈≈≈≈≈≈≈≈≈≈≈§≈≈§@§≈≈≈≈m.,,,,***,*
≈≈≈≈≈≈≈≈≈≈≈≈≈§§(#§≈###≈≈,,,,,,***
≈≈≈≈≈≈≈≈≈≈≈≈..§#######,,,,,≈≈,≈**
≈≈≈≈≈≈≈≈≈≈≈≈.##..#≈#.##≈,,,,,,,,,
≈≈≈≈≈≈≈≈≈≈≈≈.##...≈...#,≈≈≈,,,≈≈≈
#≈###≈≈≈≈≈≈≈.###.#.#.##≈≈≈≈,,,≈≈≈
#####≈≈≈≈≈≈≈.##.≈...≈#**≈≈≈,,,≈≈≈
###≈≈##≈≈≈≈≈≈###.#.#.##*,,,,,,,≈≈
≈≈≈≈≈#≈≈≈≈≈≈≈##...≈...#≈,,,,,,≈≈≈


You could see a satyr and a siren.

Vanquished Creatures
  Vashnia (Snake:2)
  Rupert (Lair:6)
  2 deep elf master archers (Elf:3)
  A deep elf blademaster (Elf:3)
  A kraken (Shoals:1)
  12 nagarajas
  Ilsuiw (Shoals:4)
  6 deep elf sorcerers
  The ghost of Megalobster the Eclecticist, an adept DECj of Vehumet (Elf:1)
  2 deep elf elementalists (Elf:3)
  Aizul (Elf:3)
  Nessos (Lair:6)
  10 deep elf demonologists
  The ghost of nikopol the Cleaver, a journeyman GrBe of Trog (Orc:1)
  8 deep elf annihilators
  A red draconian (Volcano)
  4 merfolk javelineers (Shoals:4)
  A fire dragon (Lair:6)
  3 deep elf death magi
  14 merfolk impalers
  An ogre mage (Volcano)
  A minotaur (Lab)
  2 deep elf high priests (Elf:3)
  9 hydras
  2 catoblepae
  18 naga warriors
  4 merfolk avatars
  2 alligator snapping turtles
  3 satyrs
  6 anacondas
  27 dancing weapons
  26 naga sharpshooters
  3 orc high priests
  8 shock serpents
  16 death yaks
  20 deep elf knights
  9 salamander mystics
  9 sea snakes
  An unseen horror (D:10)
  A kraken simulacrum (Shoals:4)
  3 naga ritualists (Snake:4)
  2 hill giants
  10 deep elf archers
  Pikel (D:7)
  An orange crystal statue (Elf:3)
  3 orc knights
  8 harpies
  A lindwurm (Lair:6)
  10 mana vipers
  An ugly thing (D:11)
  71 deep elf magi
  2 orc sorcerers (Orc:2)
  4 cyclopes
  13 manticores
  27 salamanders
  12 fauns
  8 elephants
  20 naga magi
  4 molten gargoyles
  30 black mambas
  6 water nymphs
  8 sirens
  10 guardian serpents
  3 orange demons (Elf:3)
  A torpor snail (Lair:3)
  10 spiny frogs
  2 rime drakes
  7 komodo dragons
  40 merfolk
  6 trolls
  5 wind drakes
  A polar bear (Lair:6)
  3 slime creatures (Lair:6)
  16 blink frogs
  10 hippogriffs
  5 two-headed ogres
  5 snapping turtles
  7 dream sheep
  Sigmund (D:3)
  A spriggan (Lair:3)
  A wraith (D:10)
  4 air elementals
  4 fire elementals
  3 wyverns
  9 water elementals
  2 fire bats (Volcano)
  29 yaks
  6 basilisks
  A mottled dragon (Lair:6)
  4 wargs
  64 nagas
  21 water moccasins
  13 porcupines
  4 hell hounds
  23 orc warriors
  A phantom (D:9)
  3 sky beasts
  A black bear (shapeshifter) (Elf:3)
  2 black bears
  A boggart (D:10)
  15 ogres
  10 wolves
  2 centaurs
  13 crocodiles
  14 bullfrogs
  2 big kobolds (D:10)
  A gnoll sergeant (D:8)
  2 earth elementals
  11 scorpions
  5 killer bees (D:9)
  19 wights
  2 electric eels
  4 howler monkeys
  4 crimson imps
  11 lava snakes
  A bullfrog zombie (D:7)
  3 centaur zombies
  10 hounds
  3 quasits
  11 orc priests
  6 jellies
  Crazy Yiuf (D:7)
  26 orc wizards
  A gnoll shaman (D:10)
  4 bullfrog skeletons
  4 worker ants
  Ijyb (D:3)
  3 iguanas
  2 hound skeletons
  A worker ant zombie (D:9)
  9 gnolls
  16 adders
  6 shadow imps
  2 oozes
  An adder skeleton (D:7)
  3 worms
  3 dart slugs
  4 leopard geckos
  70 orcs
  A bat (D:3)
  A bat zombie (D:2)
  7 giant cockroaches
  11 goblins
  6 hobgoblins
  10 jackals
  9 kobolds
  A quokka (D:6)
  2 ball pythons
  7 frilled lizards
  A jackal zombie (D:6)
  7 rats
  A rat zombie (D:2)
  A bush (Elf:1)
  A fungus (Elf:1)
  25 plants
  A tentacle (Shoals:4)
1212 creatures vanquished.

Vanquished Creatures (collateral kills)
  Saint Roka (Snake:2)
  2 deep elf blademasters
  A nagaraja (Snake:2)
  An orc warlord (Orc:2)
  The ghost of dngmouse the Severer, a journeyman HOFi of Makhleb (Orc:2)
  A deep elf death mage (Elf:3)
  The ghost of dscm the Cleaver, a journeyman HOFi of Uskayaw (D:9)
  3 naga warriors
  A dancing weapon (Elf:1)
  2 death yaks (Lair:6)
  A naga ritualist (Snake:1)
  An orc knight (Orc:1)
  A deep elf mage (Elf:1)
  2 orc sorcerers
  3 elephants (Lair:6)
  A black mamba (Lair:6)
  Joseph (D:8)
  A spiny frog (Lair:6)
  A molten gargoyle (Lair:6)
  A polar bear (Lair:5)
  4 blink frogs
  The ghost of dscm the Sneak, an amateur OpEn of Dithmenos (D:4)
  A wyvern (Lair:6)
  7 yaks
  2 wargs (Orc:2)
  6 nagas
  2 water moccasins (Lair:6)
  A porcupine (Lair:5)
  7 orc warriors
  4 wolves (Lair:3)
  2 ogres (Orc:1)
  A wight (D:8)
  A jelly (Lair:6)
  A hound (D:9)
  3 orc priests (Orc:2)
  5 orc wizards
  An adder (D:3)
  A gnoll (D:8)
  15 orcs
  A rat (D:3)
93 creatures vanquished.

Vanquished Creatures (others)
  A satyr (Shoals:3)
  A deep elf knight (Elf:1)
  5 fauns
  3 dancing weapons
  A black bear (D:7)
  4 slaves (D:7)
  A bullfrog (D:7)
  A killer bee (D:9)
  2 howler monkeys (D:7)
  An orc (Orc:2)
  A giant cockroach (D:7)
  31 fungi
  30 plants
  7 tentacles
89 creatures vanquished.

Grand Total: 1394 creatures vanquished

Notes
Turn   | Place    | Note
-------+----------+-------------------------------------------
     0 | D:1      | Mefis the Deep Elf Wizard began the quest for the Orb.
     0 | D:1      | Reached XP level 1. HP: 10/10 MP: 7/7
   603 | D:1      | Reached XP level 2. HP: 15/15 MP: 7/9
   607 | D:1      | Learned a level 2 spell: Call Imp
   610 | D:1      | Learned a level 2 spell: Blink
   613 | D:1      | Learned a level 2 spell: Repel Missiles
  1141 | D:1      | Reached skill level 5 in Spellcasting
  1273 | D:2      | Found a shattered altar of Ashenzari.
  1311 | D:2      | Reached XP level 3. HP: 19/19 MP: 8/11
  1316 | D:2      | Learned a level 3 spell: Mephitic Cloud
  1698 | D:2      | Found a hide-covered altar of Uskayaw.
  2285 | D:2      | Found an ancient bone altar of Kikubaaqudgha.
  2370 | D:3      | Reached XP level 4. HP: 24/24 MP: 7/13
  2378 | D:3      | Reached skill level 1 in Air Magic
  2978 | D:3      | Noticed Ijyb
  2990 | D:3      | Killed Ijyb
  3066 | D:3      | Found a shimmering altar of Xom.
  3076 | D:3      | Found a deep blue altar of Sif Muna.
  3079 | D:3      | Became a worshipper of Sif Muna the Loreminder
  3084 | D:3      | Learned a level 3 spell: Conjure Flame
  3122 | D:3      | Reached XP level 5. HP: 28/28 MP: 12/15
  3126 | D:3      | Learned a level 2 spell: Slow
  3189 | D:3      | Noticed Sigmund
  3210 | D:3      | Killed Sigmund
  3210 | D:3      | Reached skill level 6 in Spellcasting
  3210 | D:3      | Reached skill level 1 in Charms
  3210 | D:3      | Reached skill level 1 in Poison Magic
  3465 | D:4      | Noticed dscm's ghost (amateur OpEn)
  3500 | D:4      | Killed dscm's ghost
  3500 | D:4      | Reached skill level 1 in Hexes
  3500 | D:4      | Reached skill level 1 in Invocations
  3500 | D:4      | Reached XP level 6. HP: 31/32 MP: 9/17
  3536 | D:4      | Found a hazy altar of Hepliaklqana.
  3536 | D:4      | Found a burning altar of Makhleb.
  3965 | D:4      | Reached XP level 7. HP: 36/36 MP: 0/18
  4061 | D:4      | Reached * piety under Sif Muna
  5014 | D:5      | Entered Level 5 of the Dungeon
  5227 | D:5      | Reached skill level 7 in Spellcasting
  5689 | D:5      | Reached XP level 8. HP: 41/41 MP: 12/20
  6813 | D:6      | Found Emax's Antique Armour Shop.
  7275 | D:6      | Reached ** piety under Sif Muna
  7275 | D:6      | Reached skill level 5 in Dodging
  7275 | D:6      | Reached skill level 8 in Spellcasting
  7875 | D:6      | You fall through a shaft for 2 floors!
  7875 | D:8      | Noticed Joseph
  7917 | D:8      | Found a stormy altar of Qazlal.
  7919 | D:8      | Found a blossoming altar of Fedhas.
  7929 | D:7      | Noticed a hippogriff
  7942 | D:7      | Noticed Pikel
  7957 | D:7      | Killed Pikel
  7957 | D:7      | Reached XP level 9. HP: 45/45 MP: 15/23
  8020 | D:7      | Found Gumav's Book Shop.
  8028 | D:7      | Found Emeem's Jewellery Shop.
  8087 | D:7      | Found a staircase to the Ecumenical Temple.
  8183 | D:7      | Found Bituqi's Gadget Shoppe.
  8578 | D:7      | Reached skill level 9 in Spellcasting
  8702 | D:7      | Found Kiutset's Food Emporium.
  8921 | D:7      | Found Toogol's General Store.
  8926 | D:7      | Bought a scroll of amnesia for 38 gold pieces
  9255 | D:7      | Found a bloodstained altar of Trog.
  9305 | D:7      | Found a runed door.
  9382 | D:7      | Reached *** piety under Sif Muna
  9382 | D:7      | Reached skill level 5 in Charms
  9605 | Temple   | Entered the Ecumenical Temple
 10090 | D:7      | Found a sparkling altar of Nemelex Xobeh.
 10274 | D:7      | Noticed Crazy Yiuf
 10281 | D:7      | Killed Crazy Yiuf
 10333 | D:7      | Bought a scroll of remove curse for 33 gold pieces
 10601 | D:8      | Killed Joseph
 10601 | D:8      | Reached skill level 5 in Hexes
 10985 | D:8      | Reached skill level 10 in Spellcasting
 11306 | D:6      | Bought a glowing helmet for 262 gold pieces
 11592 | D:8      | Reached skill level 5 in Conjurations
 11592 | D:8      | Reached XP level 10. HP: 33/50 MP: 13/26
 12366 | D:9      | Reached **** piety under Sif Muna
 12399 | D:9      | Noticed dscm's ghost (journeyman HOFi)
 12864 | D:9      | Reached skill level 5 in Invocations
 12879 | D:9      | Reached skill level 1 in Evocations
 13051 | D:9      | Found a staircase to the Orcish Mines.
 13473 | D:9      | Reached skill level 5 in Air Magic
 13718 | D:10     | Entered Level 10 of the Dungeon
 13718 | D:10     | Noticed a hill giant
 14129 | D:10     | Reached skill level 5 in Summonings
 14772 | D:10     | Found a staircase to the Lair.
 14871 | D:10     | Killed a hill giant
 14871 | D:10     | Reached skill level 5 in Translocations
 15105 | D:10     | Reached skill level 11 in Spellcasting
 15512 | D:11     | Noticed a hill giant
 15525 | D:11     | Killed a hill giant
 15525 | D:11     | Reached XP level 11. HP: 54/54 MP: 18/28
 16130 | D:11     | Reached ***** piety under Sif Muna
 16480 | D:11     | Noticed a white ugly thing
 16514 | D:11     | Killed a white ugly thing
 16514 | D:11     | Identified Sif Muna's Collected Works on Icy Orientation (Sif Muna gifted it to you on level 11 of the Dungeon)
 16514 | D:11     | Received a gift from Sif Muna
 16522 | D:11     | Learned a level 4 spell: Force Lance
 16527 | D:11     | Learned a level 4 spell: Summon Ice Beast
 16533 | D:11     | Learned a level 5 spell: Metabolic Englaciation
 16794 | D:11     | Learned a level 3 spell: Regeneration
 17361 | D:11     | Reached skill level 1 in Necromancy
 17489 | D:11     | Reached skill level 1 in Ice Magic
 17834 | Lair:1   | Entered Level 1 of the Lair of Beasts
 18425 | Lair:1   | Reached skill level 12 in Spellcasting
 18603 | Lair:1   | Noticed a seven-headed hydra
 18616 | Lair:1   | Killed a seven-headed hydra
 19427 | Lair:1   | Reached XP level 12. HP: 59/59 MP: 28/30
 19787 | Lair:2   | Found a dark tunnel.
 19820 | Volcano  | Entered a volcano
 20549 | Volcano  | Found a radiant altar of Vehumet.
 20549 | Volcano  | Noticed an ogre mage
 20553 | Volcano  | Noticed a red draconian
 20567 | Volcano  | Killed a red draconian
 20567 | Volcano  | Killed an ogre mage
 20829 | Volcano  | Got a pair of twisted boots
 20835 | Volcano  | Identified the +4 pair of boots "Kuluhum" {rPois} (You found it in a volcano)
 21507 | Lair:2   | Reached skill level 13 in Spellcasting
 21733 | Lair:2   | Reached skill level 5 in Evocations
 21940 | Lair:2   | Learned a level 4 spell: Summon Lightning Spire
 21968 | Lair:2   | Identified Sif Muna's Reference Book on Companions and Intoxication (Sif Muna gifted it to you on level 2 of the Lair of Beasts)
 21968 | Lair:2   | Received a gift from Sif Muna
 22203 | Lair:2   | Found a staircase to the Shoals.
 22698 | Lair:3   | Noticed a six-headed hydra
 22719 | Lair:3   | Killed a six-headed hydra
 22719 | Lair:3   | Reached skill level 5 in Necromancy
 23359 | Lair:3   | Noticed an eight-headed hydra
 23370 | Lair:3   | Killed an eight-headed hydra
 23453 | Lair:3   | Noticed a catoblepas
 23464 | Lair:3   | Killed a catoblepas
 23575 | Lair:3   | Reached skill level 1 in Shields
 23945 | Lair:3   | Reached XP level 13. HP: 63/63 MP: 32/32
 24131 | Lair:4   | Found a labyrinth entrance.
 24140 | Lab      | Entered a labyrinth
 24291 | Lab      | Noticed a minotaur
 24297 | Lab      | Killed a minotaur
 24566 | Lair:1   | Identified a +4 rod of shadows (13/13) (You found it in a labyrinth)
 24591 | Lair:1   | Learned a level 4 spell: Olgreb's Toxic Radiance
 24812 | Lair:4   | Found a staircase to the Snake Pit.
 25209 | Lair:4   | You fall through a shaft for 2 floors!
 25209 | Lair:6   | Entered Level 6 of the Lair of Beasts
 25263 | Lair:6   | Noticed Rupert
 25465 | Lair:5   | Learned a level 5 spell: Lightning Bolt
 25742 | Lair:4   | Got a coiled tin ring
 25746 | Lair:4   | Identified the ring "Wiza" {Fire +Blink MR+ Str+3} (You found it on level 4 of the Lair of Beasts)
 26088 | Lair:4   | Reached skill level 14 in Spellcasting
 26238 | Lair:5   | Learned a level 2 spell: Swiftness
 26242 | Lair:5   | Learned a level 3 spell: Static Discharge
 27428 | Lair:6   | Found a staircase to the Slime Pits.
 27758 | Lair:6   | Noticed Nessos
 27763 | Lair:6   | Killed Nessos
 27883 | Lair:6   | Reached skill level 10 in Dodging
 28271 | Lair:6   | Killed Rupert
 28511 | Lair:6   | Received a gift from Sif Muna
 28511 | Lair:6   | Reached XP level 14. HP: 68/68 MP: 15/34
 28538 | Lair:6   | Reached skill level 15 in Spellcasting
 30999 | Lair:6   | Found a large runed door.
 31000 | Lair:6   | Found a large runed door.
 32119 | Lair:6   | Identified Sif Muna's Handbook of Shifting Confrontation (Sif Muna gifted it to you on level 6 of the Lair of Beasts)
 32119 | Lair:6   | Received a gift from Sif Muna
 32429 | Lair:1   | Learned a level 6 spell: Deflect Missiles
 32438 | Lair:1   | Learned a level 6 spell: Iron Shot
 32535 | Orc:1    | Entered Level 1 of the Orcish Mines
 32586 | Orc:1    | Noticed nikopol's ghost (journeyman GrBe)
 33089 | Orc:1    | Killed nikopol's ghost
 33621 | Orc:2    | Entered Level 2 of the Orcish Mines
 33621 | Orc:2    | Found Poclomot's Antique Weapon Boutique.
 33807 | Orc:2    | Noticed dngmouse's ghost (journeyman HOFi)
 33820 | Orc:2    | Killed dngmouse's ghost
 33820 | Orc:2    | Reached skill level 16 in Spellcasting
 33829 | Orc:2    | Reached skill level 1 in Earth Magic
 34230 | D:9      | Killed dscm's ghost
 34297 | D:7      | Bought a +5 amulet of reflection for 300 gold pieces
 34835 | Orc:2    | Noticed an orc warlord
 34842 | Orc:2    | Killed an orc warlord
 34842 | Orc:2    | Reached XP level 15. HP: 43/72 MP: 17/37
 35132 | Orc:2    | Found a roughly hewn altar of Beogh.
 35146 | Orc:2    | Reached skill level 1 in Fighting
 35426 | Orc:2    | Found Geuty's Book Emporium.
 35486 | Orc:2    | Found Koca's Antique Weapon Emporium.
 35501 | Orc:2    | Found Uthykegh's General Store.
 35509 | Orc:2    | Bought 2 scrolls of recharging for 247 gold pieces
 35509 | Orc:2    | Bought a scroll of enchant armour for 97 gold pieces
 35566 | Orc:2    | Found a staircase to the Elven Halls.
 35742 | Orc:2    | Found Raug Jiq's Antique Armour Emporium.
 35824 | Orc:2    | Bought a runed helmet for 304 gold pieces
 36439 | Snake:1  | Entered Level 1 of the Snake Pit
 36464 | Snake:1  | Reached skill level 10 in Conjurations
 36953 | Snake:1  | Got an iridescent falchion
 36954 | Snake:1  | Identified the +11 falchion "Peggumow" {speed, rN++ MR++ Str-2} (You found it on level 1 of the Snake Pit)
 38135 | Snake:2  | Noticed Saint Roka
 38467 | Snake:2  | Noticed a nagaraja
 38477 | Snake:2  | Killed a nagaraja
 39108 | Snake:2  | Noticed Vashnia
 39112 | Snake:2  | Noticed a nagaraja
 39135 | Snake:2  | Killed a nagaraja
 39544 | Snake:2  | Killed Saint Roka
 39545 | Snake:2  | Identified Vuqeg's Compendium of Warped Attacks (Sif Muna gifted it to you on level 2 of the Snake Pit)
 39545 | Snake:2  | Received a gift from Sif Muna
 39554 | Snake:2  | Learned a level 5 spell: Iskenderun's Battlesphere
 39988 | Snake:2  | Killed Vashnia
 40253 | Snake:2  | Reached XP level 16. HP: 83/83 MP: 33/38
 40856 | Snake:3  | Found Uturatak's Food Shoppe.
 40864 | Snake:3  | Found Cuiladi's Armour Emporium.
 40930 | Snake:3  | Reached skill level 5 in Earth Magic
 41149 | Snake:3  | Learned a level 3 spell: Tukima's Dance
 41174 | Snake:3  | Bought a +2 pair of boots of flying for 258 gold pieces
 42188 | Snake:3  | Reached skill level 10 in Summonings
 42504 | Snake:4  | Entered Level 4 of the Snake Pit
 42518 | Snake:4  | Reached skill level 5 in Ice Magic
 43087 | Snake:4  | Reached skill level 10 in Air Magic
 43114 | Snake:4  | Reached skill level 10 in Necromancy
 44242 | Snake:4  | Reached skill level 17 in Spellcasting
 45023 | Snake:3  | Identified Sif Muna's Guide on Damaging Malediction (Sif Muna gifted it to you on level 3 of the Snake Pit)
 45023 | Snake:3  | Received a gift from Sif Muna
 45374 | Snake:4  | Reached skill level 10 in Evocations
 46201 | Snake:4  | Reached XP level 17. HP: 79/89 MP: 0/40
 48244 | Snake:4  | Got a serpentine rune of Zot
 48748 | Snake:4  | Reached skill level 5 in Fighting
 49118 | Lair:1   | Learned a level 7 spell: Haunt
 49127 | Lair:1   | Learned a level 6 spell: Poisonous Cloud
 49129 | Lair:1   | Learned a level 1 spell: Shock
 49341 | Elf:1    | Entered Level 1 of the Elven Halls
 49737 | Elf:1    | Noticed Megalobster's ghost (adept DECj)
 49898 | Elf:1    | Killed Megalobster's ghost
 50750 | Elf:1    | Reached XP level 18. HP: 96/96 MP: 0/41
 51218 | Elf:1    | Identified Mootzoku's Handbook of Supportive Battle Magic
 52038 | Elf:2    | Received a gift from Sif Muna
 52045 | Elf:2    | Learned a level 2 spell: Shroud of Golubria
 53128 | Elf:2    | Found a runed gate.
 53130 | Elf:2    | Found a runed gate.
 53133 | Elf:2    | Found a runed gate.
 53241 | Elf:2    | Reached skill level 18 in Spellcasting
 54914 | Elf:3    | Entered Level 3 of the Elven Halls
 54998 | Elf:3    | Noticed Aizul
 55002 | Elf:3    | Killed Aizul
 56239 | Elf:3    | Identified Emioloif's Tome of Unstable Evil (Sif Muna gifted it to you on level 3 of the Elven Halls)
 56239 | Elf:3    | Received a gift from Sif Muna
 56279 | Elf:3    | Reached XP level 19. HP: 67/104 MP: 2/43
 56663 | Elf:3    | Noticed a Brimstone Fiend
 56668 | Elf:3    | Reached skill level 10 in Invocations
 56905 | Elf:3    | Gained mutation: You expend magic power (3 MP) to strengthen your wands. [a neqoxec]
 59045 | Lair:1   | Learned a level 8 spell: Chain Lightning
 59179 | Shoals:1 | Entered Level 1 of the Shoals
 60903 | Shoals:2 | Got a scorched great sword
 64751 | Shoals:4 | Entered Level 4 of the Shoals
 65860 | Shoals:4 | Reached skill level 10 in Translocations
 66144 | Shoals:4 | Reached XP level 20. HP: 111/111 MP: 44/44
 67456 | Shoals:4 | Got a barnacled rune of Zot
 67468 | Shoals:4 | Noticed Ilsuiw
 67483 | Shoals:4 | Killed Ilsuiw
 67483 | Shoals:4 | Reached skill level 15 in Air Magic
 67486 | Shoals:4 | Killed from afar by a merfolk aquamancer

Skill      XL: |  1  2  3  4  5  6  7  8  9 10 11 12 13 14 15 16 17 18 19 20 |
---------------+-------------------------------------------------------------+-----
Spellcasting   | 5 6 7 8 10 11 12 13 14 16 17 18 | 18.8
Conjurations   | 2 3 4 5 6 7 8 9 10 11 12 13 | 13.3
Dodging        | 3 4 5 6 7 8 9 10 | 10.9
Stealth        | 3 |  3.3
Air Magic      | 1 2 3 4 5 6 7 9 10 12 13 14 15 | 15.0
Charms         | 1 3 4 5 6 7 |  7.3
Poison Magic   | 1 2 |  2.5
Hexes          | 1 2 4 5 6 |  6.7
Invocations    | 1 2 3 4 5 6 7 8 9 10 | 10.6
Translocations | 2 3 4 5 7 8 10 11 | 11.1
Summonings     | 2 3 4 5 6 7 9 10 | 10.9
Evocations     | 2 3 5 6 8 9 10 11 12 | 12.4
Necromancy     | 3 5 6 8 9 10 11 12 | 12.9
Ice Magic      | 3 4 5 |  5.6
Shields        | 1 2 3 4 |  4.5
Earth Magic    | 1 4 6 7 |  7.2
Fighting       | 3 4 5 6 7 |  7.6

Action                   |  1- 3 |  4- 6 |  7- 9 | 10-12 | 13-15 | 16-18 | 19-21 || total
-------------------------+-------+-------+-------+-------+-------+-------+-------++-------
Melee: Short sword       |     1 |    24 |    77 |       |       |       |       ||   102
       Staff             |       |       |       |   111 |    77 |    38 |    61 ||   287
       Dagger            |       |       |       |    24 |       |       |       ||    24
       Falchion          |       |       |       |       |       |    62 |    23 ||    85
 Fire: Blowgun           |       |       |    19 |    82 |    95 |       |       ||   196
 Cast: Magic Dart        |   106 |    66 |   525 |   759 |   106 |     2 |       ||  1564
       Repel Missiles    |     1 |       |       |       |       |       |       ||     1
       Call Imp          |       |    11 |    13 |    24 |       |       |       ||    48
       Mephitic Cloud    |       |     7 |    33 |    80 |     3 |       |       ||   123
       Blink             |       |     1 |     7 |    15 |     9 |     3 |       ||    35
       Conjure Flame     |       |       |    18 |    40 |       |       |       ||    58
       Slow              |       |       |     1 |    18 |     2 |       |       ||    21
       Force Lance       |       |       |       |   150 |   256 |    40 |       ||   446
       Regeneration      |       |       |       |    13 |    16 |     9 |     2 ||    40
       Summon Lightning  |       |       |       |     1 |    10 |     1 |       ||    12
       Summon Ice Beast  |       |       |       |     1 |       |       |       ||     1
       Lightning Bolt    |       |       |       |       |   382 |   507 |   229 ||  1118
       Static Discharge  |       |       |       |       |     1 |       |       ||     1
       Deflect Missiles  |       |       |       |       |     3 |    11 |       ||    14
       Metabolic Englaci |       |       |       |       |     2 |     5 |       ||     7
       Iron Shot         |       |       |       |       |     1 |   147 |    61 ||   209
       Iskenderun's Batt |       |       |       |       |     1 |    15 |       ||    16
       Tukima's Dance    |       |       |       |       |       |    17 |       ||    17
       Poisonous Cloud   |       |       |       |       |       |    35 |     5 ||    40
       Swiftness         |       |       |       |       |       |     7 |     1 ||     8
       Shock             |       |       |       |       |       |     4 |       ||     4
       Shroud of Golubri |       |       |       |       |       |     2 |     2 ||     4
       Chain Lightning   |       |       |       |       |       |       |    95 ||    95
Invok: Divine Energy     |       |       |       |     1 |     5 |     9 |     3 ||    18
       Channel Magic     |       |       |       |     1 |     4 |     9 |     2 ||    16
       Forget Spell      |       |       |       |       |     5 |     3 |       ||     8
       Stop Divine Energ |       |       |       |       |     5 |     9 |     3 ||    17
Evoke: Wand              |       |       |       |    13 |     6 |     2 |       ||    21
       Rod               |       |       |       |       |    30 |    22 |     2 ||    54
       Box of beasts     |       |       |       |       |     3 |       |       ||     3
       Fan of gales      |       |       |       |       |       |     1 |       ||     1
  Use: Scroll            |       |     1 |    12 |    11 |    15 |     7 |     9 ||    55
       Potion            |       |       |       |       |     2 |       |       ||     2
 Stab: Sleeping          |     1 |     1 |     3 |       |       |       |       ||     5
       Confused          |       |     4 |     4 |    21 |       |       |       ||    29
       Petrified         |       |       |       |       |     4 |       |       ||     4
  Eat: Chunk             |     3 |     5 |    15 |    18 |    35 |    17 |    18 ||   111
       Bread ration      |     1 |       |     2 |     3 |     3 |     1 |     2 ||    12
       Fruit             |       |       |       |     1 |     2 |       |     3 ||     6
       Royal jelly       |       |       |       |     1 |       |     1 |       ||     2
       Meat ration       |       |       |       |     1 |     2 |     7 |     5 ||    15
Armor: Robe              |     1 |     3 |    42 |    49 |    93 |    43 |   141 ||   372
Dodge: Dodged            |     5 |    14 |   158 |   324 |   634 |   394 |   129 ||  1658
       Deflected         |       |       |     8 |     4 |    16 |   113 |    26 ||   167
Block: Other             |       |       |       |       |    30 |    57 |       ||    87
       Reflection        |       |       |       |       |     5 |    39 |    38 ||    82
       Buckler           |       |       |       |       |       |    82 |   102 ||   184
       Rpst.: Falchion   |       |       |       |       |       |    16 |     2 ||    18
